 Dungeon Crawl Stone Soup version 0.31-a0-844-gdc52ec4e09 (webtiles) character file.

Game seed: 16308348551860644141

2855 Fodor the Protected (level 9, -5/79 HPs)
             Began as a Minotaur Fighter on Sept 28, 2023.
             Was an Initiate of Gozag.
             Slain by a cacodemon (6 damage)
             ... on level 1 of the Abyss.
             The game lasted 00:37:51 (5810 turns).

Fodor the Protected (Minotaur Fighter)              Turns: 5810, Time: 00:37:56

Health: -5/79      AC: 19    Str: 36    XL:     9   Next: 46%
Magic:  8/8        EV: 11    Int:  7    God:    Gozag
Gold:   389        SH:  0    Dex: 11    Spells: 8/8 levels left

rFire   . . .        B - +0 lajatang
rCold   . . .        (shield currently unavailable)
rNeg    + . .        e - +0 chain mail
rPois   +            (helmet restricted)
rElec   .            E - +2 cloak {rPois}
rCorr   .            l - +2 pair of gloves
SInv    .            i - +0 pair of boots
Will    .....        (no amulet) Stlth
                     z - +6 ring of strength
HPRegen 0.00/turn    F - ring "Xyhujoe" {rN+ Str+6 Int+2}
MPRegen 0.11/turn

%: random rage (3%)
@: confused, sick
A: horns 2, retaliatory headbutt, berserk 1
a: Renounce Religion, Potion Petition, Call Merchant, Bribe Branch


You were on level 1 of the Abyss.
You worshipped Gozag.
Gozag was aware of your devotion.
You visited 2 branches of the dungeon, and saw 8 of its levels.
You visited the Abyss 1 time.
You also visited: Sewer.

You collected 496 gold pieces.
You paid 107 gold pieces to Gozag.

Inventory:

Hand Weapons
 B - a +0 lajatang (weapon)
Missiles
 p - 4 poisoned darts (quivered)
 w - 5 atropa-tipped darts
Armour
 c - a +0 buckler
 e - a +0 chain mail (worn)
 i - a +0 pair of boots (worn)
 l - a +2 pair of gloves (worn)
 E - a +2 cloak of poison resistance (worn)
Jewellery
 z - a +6 ring of strength (left hand)
 F - the ring "Xyhujoe" (right hand) {rN+ Str+6 Int+2}
   (You found it on level 3 of the Dungeon)

   [ring of strength]

   Str+6:     It affects your strength (+6).
   Int+2:     It affects your intelligence (+2).
   rN+:       It protects you from negative energy.
Wands
 b - a wand of paralysis (7)
 u - a wand of roots (7)
Scrolls
 f - 2 scrolls of fear {unknown}
 m - 2 scrolls of fog {unknown}
 n - 4 scrolls of teleportation
 s - a scroll of torment {unknown}
 y - a scroll of amnesia
 G - a scroll of poison
 H - 2 scrolls of vulnerability
Potions
 d - a potion of might
 g - 2 potions of lignification {unknown}
 j - a potion of brilliance {unknown}
 k - a potion of enlightenment {unknown}
 o - a potion of haste {unknown}
 q - a potion of resistance {unknown}
 r - a potion of magic {unknown}
 v - 2 potions of attraction {unknown}
 x - 2 potions of heal wounds {unknown}
 D - 2 potions of curing


   Skills:
 + Level 7.3 Fighting
 + Level 6.4 Long Blades
 + Level 8.2 Staves
 + Level 0.3 Throwing
 + Level 8.3 Armour
 + Level 4.2 Dodging
 + Level 1.1 Stealth
 + Level 5.2 Shields


You had 8 spell levels left.
You didn't know any spells.
Your spell library contained the following spells:

 Spells                   Type           Power      Damage    Failure   Level
 Ensorcelled Hibernation  Hex/Ice        0%         N/A       89%         2
 Passwall                 Tmut/Erth      0%         N/A       89%         2
 Dazzling Flash           Conj/Hex       0%         N/A       98%         3
 Swiftness                Air            0%         N/A       98%         3
 Volatile Blastmotes      Fire/Tloc      0%         2d10      98%         3
 Passage of Golubria      Tloc           0%         N/A       100%        4
 Silence                  Hex/Air        0%         N/A       100%        5
 Starburst                Conj/Fire      0%         6d3       100%        6
 Lehudib's Crystal Spear  Conj/Erth      0%         10d2      100%        8
 Maxwell's Capacitive Co  Air            0%         ∞         100%        8


Dungeon Overview and Level Annotations

Branches:
Dungeon (7/15)             Temple (1/1) D:5           Sewer (visited)

Altars:
Cheibriados
Elyvilon
Fedhas
Gozag
Hepliaklqana
Makhleb
Nemelex Xobeh
Okawaru
Qazlal
Ru
Sif Muna
Trog
Uskayaw
Vehumet
Wu Jian
Xom
Yredelemnul
Zin
The Shining One

Shops:
D:5 [


Innate Abilities, Weirdness & Mutations

You have a pair of horns on your head.
You reflexively headbutt those who attack you in melee.
You sometimes lose your temper in combat.


Message History

The ancient zyme is severely damaged.
You hear a grinding noise.
Unknown command.
You feel ill.
An ufetubus comes into view.
The ufetubus shouts!
The ufetubus is distracted by your dazzling golden aura.
Some rock shatters into small pieces.
A cacodemon comes into view.
The cacodemon gestures at you.
Strange energies course through your body.
You feel a little pissed off.
Some rock shatters into small pieces.
The cacodemon gestures at you.
You are confused.
The cacodemon hits you but does no damage. x2
You bump into the rock wall.
The cacodemon hits you but does no damage. x2
You bump into the rock wall.
The cacodemon hits you! The cacodemon hits you.
You bump into the rock wall.
A small abomination comes into view.
The cacodemon hits you! x2
* * * LOW HITPOINT WARNING * * *
The cacodemon closely misses you. The cacodemon completely misses you.
You feel less confused. The cacodemon gestures at you.
You are confused.
You miss the cacodemon. The small abomination hits you!
* * * LOW HITPOINT WARNING * * *
The cacodemon hits you but does no damage.
The cacodemon hits you.
* * * LOW HITPOINT WARNING * * *
You slash the small abomination!
The small abomination is heavily damaged.
The small abomination hits you but does no damage.
The cacodemon hits you.
* * * LOW HITPOINT WARNING * * *
The cacodemon hits you.
You die...
Your body crumbles into a pile of gold.

#.##.. .# .
#.#... ..#...
...#..#......#
#..##.#$#.#. # #.
#..#....# #. # .
#.#..... ..# ###
. #.......
#......x##.x##3..
5.........##@.##(
...#...#..#2..#
...§.# ..#.#.# ..
##.#.#...#..# .
..#.#.###..# #
#.##.. #.. ...#..
.. ... ..... #
.### ##..#. ..


You could see a cacodemon and a small abomination.

Vanquished Creatures
  A raiju (Abyss:1)
  3 steam dragons
  A vampire mosquito (D:5)
  An acid dragon (D:5)
  A water moccasin (D:6)
  2 ice beasts (D:6)
  2 orc warriors
  3 black bears
  3 phantoms
  3 bullfrogs
  2 scorpions (D:6)
  4 wights
  A hound (D:5)
  3 orc priests
  Crazy Yiuf (D:2)
  A sleepcap (D:3)
  4 iguanas
  2 orc wizards (D:6)
  Robin (D:2)
  4 gnolls (D:6)
  10 adders
  An ufetubus (D:5)
  A worm (D:4)
  2 dart slugs
  14 orcs
  15 endoplasms
  12 giant cockroaches
  13 goblins
  13 hobgoblins
  4 jackals
  11 quokkas
  15 ball pythons
  7 bats
  11 frilled lizards
  8 kobolds
  6 rats
186 creatures vanquished.

Notes
Turn   | Place    | Note
-------+----------+-------------------------------------------
     0 | D:1      | Fodor the Minotaur Fighter began the quest for the Orb.
     0 | D:1      | Reached XP level 1. HP: 19/19 MP: 0/0
   137 | D:1      | Reached XP level 2. HP: 27/27 MP: 1/1
   489 | D:2      | Reached XP level 3. HP: 33/33 MP: 2/2
   515 | D:2      | Reached skill level 1 in Dodging
   578 | D:2      | Noticed Robin
   589 | D:2      | Killed Robin
   590 | D:2      | Reached XP level 4. HP: 32/40 MP: 3/3
   710 | D:2      | Found a runed translucent door.
   711 | D:2      | Noticed Crazy Yiuf
   995 | D:2      | Noticed an ogre
  1113 | D:2      | Found a faded altar of an unknown god.
  1544 | D:3      | Found a transporter.
  1553 | D:3      | Found a transporter.
  1554 | D:3      | Noticed a steam dragon
  1558 | D:3      | Noticed a bullfrog
  1561 | D:3      | Found an iron altar of Okawaru.
  1562 | D:3      | Found an ornate altar of the Wu Jian Council.
  1776 | D:4      | Found a radiant altar of Vehumet.
  1909 | D:4      | Noticed a phantom
  1914 | D:4      | Killed a phantom
  1915 | D:4      | Reached XP level 5. HP: 42/46 MP: 4/4
  1974 | D:4      | Reached XP level 6. HP: 21/53 MP: 5/5
  2500 | D:4      | Found a glowing drain.
  2517 | D:4      | Reached skill level 5 in Long Blades
  2520 | Sewer    | Entered a sewer
  2738 | Sewer    | Reached skill level 5 in Armour
  2801 | Sewer    | Reached skill level 5 in Fighting
  3260 | D:5      | Entered Level 5 of the Dungeon
  3269 | D:5      | Noticed an orc warrior
  3271 | D:5      | Noticed a vampire mosquito
  3272 | D:5      | Noticed an acid dragon
  3285 | D:5      | Killed a vampire mosquito
  3286 | D:5      | Reached skill level 5 in Shields
  3286 | D:5      | Reached XP level 7. HP: 27/61 MP: 6/6
  3299 | D:5      | Reached skill level 1 in Staves
  3438 | D:5      | Paralysed by an orc for 4 turns
  3538 | D:5      | Found a snail-covered altar of Cheibriados.
  3678 | D:5      | Reached XP level 8. HP: 67/69 MP: 7/7
  3835 | D:5      | Found Vounnoas's Armour Shop.
  3850 | D:5      | Found a staircase to the Ecumenical Temple.
  3861 | Temple   | Entered the Ecumenical Temple
  4297 | D:2      | Killed Crazy Yiuf
  4435 | D:3      | Identified the ring "Xyhujoe" {rN+ Str+6 Int+2}
  4556 | D:6      | Found an opulent altar of Gozag.
  4567 | D:6      | Became a worshipper of Gozag Ym Sagoz the Greedy
  4717 | D:6      | Reached skill level 5 in Staves
  4885 | D:6      | Reached skill level 1 in Stealth
  5024 | D:6      | Reached XP level 9. HP: 48/78 MP: 8/8
  5369 | D:6      | Found a bloodstained altar of Trog.
  5730 | Abyss:1  | Cast into level 1 of the Abyss (wight)
  5790 | Abyss:1  | Noticed an ancient zyme
  5793 | Abyss:1  | Noticed a smoke demon
  5800 | Abyss:1  | Noticed a cacodemon
  5800 | Abyss:1  | Gained mutation: You sometimes lose your temper in combat.
                  | [a cacodemon]
  5810 | Abyss:1  | HP: 1/79 [cacodemon (5)]
  5810 | Abyss:1  | Slain by a cacodemon

Illustrated notes

Levels and vault maps discovered:
D:1:      dpeg_arrival_rhombus, layout_rooms, minmay_misc_feat_pillars
D:2:      layout_rooms, hellmonk_ecumenical_altar_crossroads,
          kennysheep_another_room, lightli_corner_chamber,
          uniq_crazy_yiuf_cottage, uniq_robin
D:3:      kennysheep_big_flooded_room, layout_rooms,
          gammafunk_temple_overflow_arena, minmay_misc_feat_tower
D:4:      layout_loops_ring, mainiacjoe_overflow_small_starburst,
          cheibrodos_sewer_entry_bend
D:5:      layout_basic, mainiacjoe_overflow_alcove_4,
          minmay_temple_entry_glassed_door, serial_shops, shop,
          minmay_chambers_of_fives
D:6:      layout_loops_corners, lemuel_coloured_pillars_altar,
          trog_butcher_becter
D:7:      layout_loops_cross, enter_bailey_1, biasface_ghost_orc_armoury,
          minmay_manual_mullet
Temple:   nicolae_temple_figure_eight
Abyss:1:  base:
Bailey

Skill      XL: |  1  2  3  4  5  6  7  8  9 |
---------------+----------------------------+-----
Armour         | 4 5 6 7 8 |  8.3
Fighting       | 4 5 6 7 |  7.3
Long Blades    | 3 4 5 6 |  6.4
Dodging        | 1 2 3 4 |  4.2
Shields        | 4 5 |  5.2
Staves         | 2 6 8 |  8.2
Stealth        | 1 |  1.1
Throwing       | |  0.3

Action                     |  1- 3 |  4- 6 |  7- 9 || total
---------------------------+-------+-------+-------++-------
  Melee: Long sword        |    63 |   225 |       ||   288
         Headbutt          |     6 |    28 |    29 ||    63
         Lajatang          |       |     6 |   138 ||   144
  Throw: Dart              |     2 |       |     1 ||     3
         Javelin           |       |       |     3 ||     3
    Use: Potion            |       |       |     6 ||     6
         Scroll            |       |       |     7 ||     7
 Armour: Scale mail        |    78 |   219 |    14 ||   311
         Chain mail        |       |       |   208 ||   208
  Dodge: Dodged            |    56 |   155 |   122 ||   333
  Block: Buckler           |    21 |    69 |       ||    90

Table legend: (Time is in decaauts)
 A = Elapsed time spent in this place.
 B = Non-inter-level travel time spent in this place.
 C = Inter-level travel time spent in this place.
 D = Time resting spent in this place.
 E = Time spent auto-exploring this place.
 F = Levels seen in this place.
 G = Mean time per level.
                   A        B        C        D        E       F      G
               +--------+--------+--------+--------+--------+-----+--------+
         Total |   6009 |   5741 |    268 |    485 |      0 |  10 |  600.9 |
       Dungeon |   5226 |   4958 |    268 |    391 |      0 |   7 |  746.6 |
        Temple |    138 |    138 |      0 |      0 |      0 |   1 |  138.0 |
         Abyss |     79 |     79 |      0 |      0 |      0 |   1 |   79.0 |
         Sewer |    564 |    564 |      0 |     94 |      0 |   1 |  564.0 |
               +--------+--------+--------+--------+--------+-----+--------+

Top non-repeatable levels by time:
     D:6: 1193 daAuts
     D:4: 1084 daAuts
     D:5: 847 daAuts
     D:2: 835 daAuts
     D:3: 748 daAuts
   Sewer: 564 daAuts
     D:1: 496 daAuts
  Temple: 138 daAuts
 Abyss:1: 79 daAuts
     D:7: 21 daAuts
